 Dungeon Crawl Stone Soup version 0.31-a0-219-g8d62b2e7bb (webtiles) character file.

Game seed: 18035734160202423371

1362 quinnr the Zephyrmancer (level 8, -8/43 HPs)
             Began as a Tengu Air Elementalist on July 3, 2023.
             Was an Initiate of Sif Muna.
             Mangled by Duvessa
             ... wielding a +1 short sword of flaming
              (16 damage)
             ... on level 5 of the Dungeon.
             The game lasted 00:14:21 (7622 turns).

quinnr the Zephyrmancer (Tengu Air Elementalist)    Turns: 7622, Time: 00:14:22

Health: -8/43      AC:  2    Str:  9    XL:     8   Next: 64%
Magic:  0/16       EV: 14    Int: 18    God:    Sif Muna [......]
Gold:   339        SH:  0    Dex: 14    Spells: 12/17 levels left

rFire   . . .        (no weapon)
rCold   . . .        (no shield)
rNeg    . . .        a - +0 robe
rPois   .            (helmet restricted)
rElec   .            (no cloak)
rCorr   .            (no gloves)
SInv    .            (boots unavailable)
Will    .....        h - amulet of the acrobat
Stlth   ++           (no ring)
HPRegen 0.27/turn    (no ring)
MPRegen 0.15/turn

%: acrobat
@: flying quickly and evasively, quick
A: beak, talons 3, nimble flight
a: Renounce Religion


You were on level 5 of the Dungeon.
You worshipped Sif Muna.
Sif Muna was noncommittal.
You visited 2 branches of the dungeon, and saw 7 of its levels.

You collected 339 gold pieces.


Innate Abilities, Weirdness & Mutations

You have a beak for a mouth.
You have claws for feet.
Your magical nature lets you fly swiftly and evasively.


   Skills:
 - Level 1.0 Fighting
 - Level 2.1 Dodging
 - Level 2.0 Stealth
 - Level 5.0 Spellcasting
 - Level 1.3 Conjurations
 - Level 12.0 Air Magic
 + Level 1.2 Invocations


You had 12 spell levels left.
You knew the following spells:

 Your Spells              Type           Power      Damage    Failure   Level
a - Airstrike             Air            23%        2d(4-20)  1%          4
z - Shock                 Conj/Air       100%       1d9       1%          1

Your spell library contained the following spells:

 Spells                   Type           Power      Damage    Failure   Level
 Static Discharge         Conj/Air       56%        2-5/arc   1%          2
 Swiftness                Air            47%        N/A       1%          3
 Blink                    Tloc           8%         N/A       21%         2
 Manifold Assault         Tloc           4%         N/A       78%         4
 Petrify                  Tmut/Erth      4%         N/A       78%         4
 Metabolic Englaciation   Hex/Ice        2%         N/A       98%         5
 Statue Form              Tmut/Erth      2%         N/A       100%        6
 Storm Form               Tmut/Air       13%        N/A       100%        7

Inventory:

Missiles
 t - 7 poisoned darts
Armour
 a - a +0 robe (worn)
Jewellery
 h - an amulet of the acrobat (around neck)
Scrolls
 c - a scroll of summoning {unknown}
 d - 7 scrolls of identify {unknown}
 e - 4 scrolls of teleportation {unknown}
 i - a scroll of silence {unknown}
 k - 2 scrolls of noise {unknown}
 l - a scroll of blinking {unknown}
 n - a scroll of revelation
 o - a scroll of immolation {unknown}
 p - 3 scrolls of enchant armour {unknown}
 y - a scroll of vulnerability {unknown}
Potions
 b - a potion of magic
 f - 3 potions of attraction {unknown}
 g - 3 potions of cancellation {unknown}
 j - 3 potions of invisibility {unknown}
 m - a potion of resistance {unknown}
 q - 4 potions of enlightenment {unknown}
 r - a potion of curing {unknown}
 s - a potion of heal wounds {unknown}
 u - a potion of mutation {unknown}
 x - a potion of brilliance {unknown}

Dungeon Overview and Level Annotations

Branches:
Dungeon (6/15)             Temple (1/1) D:4

Altars:
Ashenzari
Cheibriados
Fedhas
Gozag
Hepliaklqana
Kikubaaqudgha
Makhleb
Okawaru
Ru
Sif Muna
Trog
Vehumet
Wu Jian
Xom
Zin
The Shining One

Annotations:
D:2 Terence
D:5 exclusion: downstairs, Duvessa

.##§≈≈≈≈........########
.# §§≈≈.........(..#
###................#
#.#############....# #.#
#........# #.#
#........# #.#
#........# ..#
#.....e..# .##
#....)@..# .#
##........### .#####
#......[....# .....#
#.........#.# ####)#
#.▒▒▒▒▒▒▒▒▒.# #.#
#.▒...▒...▒.#
#.#####.▒.⚑.▒8..'.#
#.......▒...▒...▒##
########▒▒.▒▒▒.▒▒


You could see Duvessa (berserk).


Message History

Unknown command.
Duvessa rages.
Duvessa hits you with a +1 short sword of flaming!
* * * LOW HITPOINT WARNING * * *
Duvessa burns you.
* * * LOW HITPOINT WARNING * * *
Unknown command.
Casting: Airstrike (dangerous; 1% risk of failure)
Confirm with . or Enter, or press ? or * to list all spells.
Aiming: Shock (safe; 1% risk of failure)
Press: ? - help, Shift-Dir - straight line, f/p - Duvessa
Aim: Duvessa, wielding a +1 short sword of flaming and wearing a +0 chain mail (almost dead, berserk, 84% to hit)
The zap hits Duvessa.
Duvessa is almost dead.
Duvessa hits you with a +1 short sword of flaming.
* * * LOW HITPOINT WARNING * * *
Duvessa burns you.
* * * LOW HITPOINT WARNING * * *
Unknown command.
Unknown command.
Unknown command.
Unknown command.
You aren't carrying any items that you can evoke.
Okay, then.
Unknown command.
As you read the scroll labelled XOSAUDGH LYITUKH, it crumbles to dust.
It is a scroll of brand weapon.
You aren't carrying any weapons that can be branded.
Duvessa hits you with a +1 short sword of flaming!
You die...

Skill      XL: |  1  2  3  4  5  6  7  8 |
---------------+-------------------------+-----
Air Magic      | 5 6 7 9 10 12 | 12.0
Fighting       | 1 |  1.0
Spellcasting   | 3 4 5 |  5.0
Invocations    | 1 |  1.2
Dodging        | |  2.1
Stealth        | |  2.0
Conjurations   | |  1.3

Action                     |  1- 3 |  4- 6 |  7- 9 || total
---------------------------+-------+-------+-------++-------
  Melee: Unarmed           |     6 |       |     1 ||     7
         Kick              |     3 |       |     1 ||     4
  Throw: Throwing net      |       |       |     1 ||     1
   Cast: Shock             |    63 |    59 |    19 ||   141
         Airstrike         |       |    17 |    43 ||    60
    Use: Scroll            |       |     3 |     1 ||     4
 Armour: Robe              |     2 |     2 |     1 ||     5
  Dodge: Dodged            |    13 |     5 |    13 ||    31

Levels and vault maps discovered:
D:1:      dpeg_arrival_ternary, layout_basic, hellmonk_ecumenical_altar_run_dry
D:2:      layout_basic, serial_curves, eino_curves_03, eino_curves_03,
          uniq_terence
D:3:      layout_basic, mainiacjoe_overflow_six_doors_small,
          kennysheep_generic_room_5
D:4:      layout_loops_ring, okawaru_ov_weapons_minmay,
          minmay_temple_entry_nine_rooms
D:5:      layout_basic, demons_altar, nicolae_wu_jian_immortal_techniques,
          grunt_ministairs_5, minmay_crystal_room, uniq_edmund, uniq_grinder,
          uniq_duvessa
D:6:      layout_basic, mainiacjoe_overflow_paths, grunt_dithmenos_shadows
Temple:   nicolae_temple_ecumenical_triangle

Notes
Turn   | Place    | Note
-------+----------+-------------------------------------------
     0 | D:1      | quinnr the Tengu Air Elementalist began the quest for the
                  | Orb.
     0 | D:1      | Reached XP level 1. HP: 10/10 MP: 4/4
   280 | D:1      | Reached XP level 2. HP: 15/15 MP: 3/6
   533 | D:1      | Reached skill level 5 in Air Magic
  1114 | D:1      | Found a faded altar of an unknown god.
  1435 | D:2      | Reached XP level 3. HP: 19/19 MP: 3/7
  1457 | D:1      | Reached skill level 6 in Air Magic
  1849 | D:2      | Noticed Terence
  2039 | D:2      | Reached skill level 1 in Fighting
  2039 | D:2      | Reached XP level 4. HP: 25/25 MP: 2/8
  2044 | D:2      | Learned a level 4 spell: Airstrike
  2252 | D:2      | HP: 2/25 [Terence/+3 mace (5)]
  3020 | D:3      | Found a hazy altar of Hepliaklqana.
  3041 | D:3      | Gained mutation: Your magical nature lets you fly swiftly
                  | and evasively. [Tengu growth]
  3041 | D:3      | Reached XP level 5. HP: 26/29 MP: 6/10
  3108 | D:3      | Reached skill level 3 in Spellcasting
  3160 | D:3      | Reached skill level 7 in Air Magic
  4039 | D:4      | Found an iron altar of Okawaru.
  4144 | D:4      | Reached XP level 6. HP: 34/34 MP: 1/11
  4328 | D:4      | Found a staircase to the Ecumenical Temple.
  4412 | Temple   | Entered the Ecumenical Temple
  4453 | Temple   | Became a worshipper of Sif Muna the Loreminder
  4634 | D:5      | Entered Level 5 of the Dungeon
  4684 | D:5      | Reached skill level 8 in Air Magic
  4895 | D:5      | Reached skill level 9 in Air Magic
  4985 | D:5      | Reached XP level 7. HP: 38/38 MP: 0/13
  5277 | D:5      | Noticed Edmund
  5305 | D:5      | Killed Edmund
  5306 | D:5      | Reached skill level 4 in Spellcasting
  5529 | D:5      | Reached skill level 10 in Air Magic
  5608 | D:5      | Noticed Grinder
  5615 | D:5      | Killed Grinder
  5616 | D:5      | Reached XP level 8. HP: 43/43 MP: 2/16
  5717 | D:5      | Reached skill level 5 in Spellcasting
  5792 | D:5      | Found a burning altar of Makhleb.
  5859 | D:5      | Found an ornate altar of the Wu Jian Council.
  5859 | D:5      | Noticed Dowan
  6023 | D:5      | Noticed Duvessa
  6198 | D:5      | Reached skill level 11 in Air Magic
  6765 | D:6      | Found a sacrificial altar of Ru.
  6982 | D:6      | Reached * piety under Sif Muna
  6983 | D:6      | Reached skill level 12 in Air Magic
  7434 | D:5      | Killed Dowan
  7435 | D:5      | Reached skill level 1 in Invocations
  7622 | D:5      | Mangled by Duvessa

Vanquished Creatures
  Grinder (D:5)
  Edmund (D:5)
  An ogre (D:5)
  A kobold brigand (D:5)
  4 scorpions (D:5)
  Dowan (D:5)
  2 jellies
  An orc priest (D:3)
  3 sleepcaps
  3 iguanas
  3 iron imps (D:5)
  An orc wizard (D:3)
  11 gnolls
  4 adders
  A shadow imp (D:6)
  An ufetubus (D:5)
  5 dart slugs
  6 orcs
  3 ball pythons
  2 bats
  7 endoplasms
  2 giant cockroaches
  9 goblins
  3 hobgoblins
  3 quokkas
  3 frilled lizards
  7 kobolds
  3 rats
92 creatures vanquished.

Table legend: (Time is in decaauts)
 A = Elapsed time spent in this place.
 B = Non-inter-level travel time spent in this place.
 C = Inter-level travel time spent in this place.
 D = Time resting spent in this place.
 E = Time spent auto-exploring this place.
 F = Levels seen in this place.
 G = Mean time per level.
                   A        B        C        D        E       F      G
               +--------+--------+--------+--------+--------+-----+--------+
         Total |   7387 |   7036 |    351 |    761 |   5457 |   7 | 1055.3 |
       Dungeon |   7345 |   6999 |    346 |    761 |   5441 |   6 | 1224.2 |
        Temple |     42 |     37 |      5 |      0 |     16 |   1 |   42.0 |
               +--------+--------+--------+--------+--------+-----+--------+

Top non-repeatable levels by time:
     D:5: 2358 daAuts
     D:1: 1603 daAuts
     D:4: 1240 daAuts
     D:3: 1054 daAuts
     D:2: 864 daAuts
     D:6: 223 daAuts
  Temple: 42 daAuts

Table legend:
 A = Non-vault XP
 B = Vault XP
 C = Vault XP percentage of total XP
 D = Non-vault monster count
 E = Vault monster count
 F = Vault count percentage of total count
                 A         B        C        D         E       F
            +---------+---------+-------+---------+---------+-------
      Total |    1221 |     726 |  37.3 |      80 |      12 |  13.0
            +---------+---------+-------+---------+---------+-------
        D:1 |      42 |       0 |   0.0 |      15 |       0 |   0.0
        D:2 |      53 |       0 |   0.0 |      16 |       0 |   0.0
        D:3 |     142 |      19 |  11.8 |      12 |       4 |  25.0
        D:4 |      73 |       0 |   0.0 |      10 |       0 |   0.0
        D:5 |     765 |     707 |  48.0 |      19 |       8 |  29.6
        D:6 |     146 |       0 |   0.0 |       8 |       0 |   0.0
            +---------+---------+-------+---------+---------+-------

Levels and vault maps discovered:
D:1:      dpeg_arrival_ternary, layout_basic, hellmonk_ecumenical_altar_run_dry
D:2:      layout_basic, serial_curves, eino_curves_03, eino_curves_03,
          uniq_terence
D:3:      layout_basic, mainiacjoe_overflow_six_doors_small,
          kennysheep_generic_room_5
D:4:      layout_loops_ring, okawaru_ov_weapons_minmay,
          minmay_temple_entry_nine_rooms
D:5:      layout_basic, demons_altar, nicolae_wu_jian_immortal_techniques,
          grunt_ministairs_5, minmay_crystal_room, uniq_edmund, uniq_grinder,
          uniq_duvessa
D:6:      layout_basic, mainiacjoe_overflow_paths, grunt_dithmenos_shadows
Temple:   nicolae_temple_ecumenical_triangle
